 Dungeon Crawl Stone Soup version 0.23.2-30-g0e89c35649 (webtiles) character file.

Game seed: 10127309347550612727

253908 Hanswurst the Bludgeoner (level 20, -8/139 HPs)
             Began as a Gargoyle Gladiator on June 8, 2019.
             Was the Champion of Wu Jian.
             Killed from afar by a hell hog (68 damage)
             ... with a fireball
             ... on level 3 of the Abyss on June 13, 2019.
             The game lasted 08:20:38 (48936 turns).

Hanswurst the Bludgeoner (Gargoyle Gladiator)      Turns: 48936, Time: 08:20:38

Health: -8/139     AC: 55    Str: 29    XL:     20   Next: 16%
Magic:  21/21      EV: 14    Int: 16    God:    Wu Jian [******]
Gold:   2507       SH:  9    Dex: 11    Spells: 19/19 levels left

rFire    x . .     SeeInvis +   a - +8 morningstar (crush)
rCold    . . .     Gourm    .   Y - +3 buckler of the Sun {rN+ Int+2}
rNeg     + + .     Faith    .   o - +7 plate armour of Baugocig {Regen+ Str+4}
rPois    ∞         Spirit   .   I - +2 helmet {SInv}
rElec    +         Reflect  .   p - +0 cloak
rCorr    .         Harm     +   B - +2 pair of gloves
MR       ++++.                  w - +2 pair of boots
Stlth    ..........             q - amulet "Viynu" {Harm *Drain rPois rF- MR+++ Int+3}
HPRegen  0.73/turn              Z - +3 ring of evasion
MPRegen  0.17/turn              v - +3 ring of protection

@: very slightly contaminated
A: big wings, negative energy resistance 1, electricity resistance, unbreathing,
petrification resistance, rot immunity, AC +15
}: 1/15 runes: gossamer
a: Fly, Wall Jump, Serpent's Lash, Heavenly Storm, Renounce Religion


You were on level 3 of the Abyss.
You worshipped Wu Jian.
Wu Jian was exalted by your worship.
You were hungry.

You visited 6 branches of the dungeon, and saw 32 of its levels.
You visited the Abyss 1 time.
You also visited: Ossuary, Gauntlet, Ice Cave and Volcano.

You collected 3430 gold pieces.
You spent 923 gold pieces at shops.

Inventory:

Hand Weapons
 a - a +8 morningstar of crushing (weapon)
 b - the +7 whip "Coziffel" {protect, Int+3 Dex+7}
   (You bought it in a shop on level 1 of the Orcish Mines)

   It protects the one who uses it against injury (+AC on strike).
   It affects your intelligence (+3).
   It affects your dexterity (+7).
 c - the +7 great sword "Onga" {flame, rElec rC+ Str+3 Dex+2 Stlth+}
   (You took it off a minotaur in a Gauntlet)

   It has been specially enchanted to burn those struck by it, causing extra
   injury to most foes and up to half again as much damage against particularly
   susceptible opponents.
   Big, fiery blades are also staple armaments of hydra-hunters.
   It affects your strength (+3).
   It affects your dexterity (+2).
   It protects you from cold.
   It insulates you from electricity.
   It makes you more stealthy.
Missiles
 l - 5 tomahawks of returning
 T - 12 javelins of penetration
 U - 17 steel javelins
 V - 13 throwing nets (quivered)
Armour
 o - the +7 plate armour of Baugocig (worn) {Regen+ Str+4}
   (You acquired it on level 8 of the Dungeon)

   It affects your strength (+4).
   It increases your rate of regeneration.
 p - a +0 cloak (worn)
 r - a scarf of cloud immunity
 w - a +2 pair of boots (worn)
 B - a +2 pair of gloves (worn)
 I - a +2 helmet of see invisible (worn)
 Y - the +3 buckler of the Sun (worn) {rN+ Int+2}
   (You found it on level 4 of the Shoals)

   It affects your intelligence (+2).
   It protects you from negative energy.
Jewellery
 q - the amulet "Viynu" (around neck) {Harm *Drain rPois rF- MR+++ Int+3}
   (You found it in a Gauntlet)

   [amulet of harm]

   It increases damage dealt and taken.
   It affects your intelligence (+3).
   It makes you vulnerable to fire.
   It protects you from poison.
   It affects your resistance to hostile enchantments.
   It causes draining when unequipped.
 v - a +3 ring of protection (right hand)
 A - an uncursed ring of resist corrosion
 Z - a +3 ring of evasion (left hand)
Wands
 e - a wand of digging (15)
 u - a wand of iceblast (65)
 C - a wand of clouds (3)
 J - a wand of scattershot (5)
 M - a wand of paralysis (13)
 P - a wand of acid (5)
Scrolls
 h - 15 scrolls of remove curse
 j - 5 scrolls of fog
 s - 4 scrolls of blinking
 x - 6 scrolls of magic mapping
 z - a scroll of identify
 F - a scroll of summoning
 K - a scroll of holy word
 N - 10 scrolls of teleportation
 O - a scroll of silence
 X - 6 scrolls of fear
Potions
 g - 3 potions of invisibility
 i - 2 potions of might
 k - 6 potions of resistance
 n - 2 potions of heal wounds
 D - 9 potions of curing
 G - 4 potions of cancellation
 H - 3 potions of ambrosia
 L - 5 potions of haste
 Q - 5 potions of berserk rage
 R - 4 potions of brilliance
 S - 3 potions of agility
Miscellaneous
 m - a lightning rod (4/4)
 t - a phial of floods
 y - a phantom mirror
 E - a lightning rod (4/4)
 W - a sack of spiders
Comestibles
 f - 65 rations


   Skills:
 + Level 19.0 Fighting
 + Level 1.5 Long Blades
   Level 0.7(12.5) Axes
 + Level 19.9 Maces & Flails
 + Level 6.6 Throwing
 + Level 16.7 Armour
 + Level 6.5 Dodging
 + Level 6.2 Stealth
 + Level 10.1 Shields
 + Level 0.3 Unarmed Combat
 + Level 2.0 Evocations


You had 19 spell levels left.
You didn't know any spells.
Your spell library contained the following spells:

 Spells                   Type           Power        Failure   Level  Hunger
 Animate Skeleton         Necr           N/A          78%         1    ##.....
 Apportation              Tloc           #.....       78%         1    ##.....
 Beastly Appendage        Tmut           #.....       78%         1    ##.....
 Confusing Touch          Hex            #.....       78%         1    ##.....
 Infusion                 Chrm           #...         78%         1    ##.....
 Pain                     Necr           #...         78%         1    ##.....
 Sandblast                Erth           #.....       78%         1    ##.....
 Summon Small Mammal      Summ           #...         78%         1    ##.....
 Passwall                 Tmut/Erth      #.......     89%         2    ###....
 Poisonous Vapours        Pois/Air       #.....       89%         2    ###....
 Shroud of Golubria       Chrm/Tloc      #.........   89%         2    ###....
 Song of Slaying          Chrm           #.......     89%         2    ###....
 Sticks to Snakes         Tmut           #.......     89%         2    ###....
 Confuse                  Hex            #.......     98%         3    ####...
 Gell's Gravitas          Tloc           #.........   98%         3    ####...
 Ignite Poison            Fire/Tmut/Pois #.......     98%         3    ####...
 Mephitic Cloud           Conj/Pois/Air  #.......     98%         3    ####...
 Ozocubu's Armour         Chrm/Ice       #.......     98%         3    ####...
 Regeneration             Chrm/Necr      #.........   98%         3    ####...
 Spectral Weapon          Hex/Chrm       #.......     98%         3    ####...
 Spider Form              Tmut/Pois      #.........   98%         3    ####...
 Vampiric Draining        Necr           #.........   98%         3    ####...
 Animate Dead             Necr           N/A          100%        4    #####..
 Ice Form                 Ice/Tmut       #.......     100%        4    #####..
 Leda's Liquefaction      Hex/Erth       #.........   100%        4    #####..
 Petrify                  Tmut/Erth      #.......     100%        4    #####..
 Summon Ice Beast         Ice/Summ       #.......     100%        4    #####..
 Throw Icicle             Conj/Ice       #.......     100%        4    #####..
 Alistair's Intoxication  Tmut/Pois      #.......     100%        5    ######.
 Blade Hands              Tmut           #.........   100%        5    ######.
 Bolt of Magma            Conj/Fire/Erth #.........   100%        5    ######.
 Borgnjor's Vile Clutch   Necr/Erth      #.........   100%        5    ######.
 Iskenderun's Battlesphe  Conj/Chrm      #.......     100%        5    ######.
 Lightning Bolt           Conj/Air       #.........   100%        5    ######.
 Metabolic Englaciation   Hex/Ice        #.........   100%        5    ######.
 Venom Bolt               Conj/Pois      #.........   100%        5    ######.
 Yara's Violent Unravell  Hex/Tmut       #.........   100%        5    ######.
 Deflect Missiles         Chrm/Air       #.........   100%        6    #######
 Iron Shot                Conj/Erth      #.........   100%        6    #######
 Ozocubu's Refrigeration  Ice            #.........   100%        6    #######
 Orb of Destruction       Conj           #.........   100%        7    #######
 Spellforged Servitor     Conj/Summ      #.........   100%        7    #######


Dungeon Overview and Level Annotations

Branches:
Dungeon (15/15)            Temple (1/1) D:7            Lair (6/6) D:8
 Shoals (4/4) Lair:3       Spider (4/4) Lair:2        Slime (0/5) Lair:6
    Orc (2/2) D:10            Elf (0/3) Orc:2        Vaults (0/5) D:13
 Depths (0/5) D:15

Altars:
Ashenzari
Cheibriados
Dithmenos
Elyvilon
Fedhas
Gozag
Hepliaklqana
Kikubaaqudgha
Makhleb
Nemelex Xobeh
Okawaru
Qazlal
Ru
Sif Muna
Trog
Uskayaw
Vehumet
Wu Jian
Xom
Yredelemnul
Zin
The Shining One
Jiyva

Shops:
D:10 %   Orc:1 (   Orc:2 ?=?}*}   Shoals:2 =   Shoals:3 =

Annotations:
Shoals:3 3 runed translucent doors, u8823's ghost, journeyman DDBe
Spider:3 Bai Suzhen


Innate Abilities, Weirdness & Mutations

You are resistant to torment.
Your stone body is resilient. (AC +15)
You are immune to poison.
Your large and strong wings let you fly indefinitely.
You resist negative energy. (rN+)
You are resistant to electric shocks. (rElec)
You can survive without breathing.
You are immune to petrification.
You are immune to rotting.


Message History

The blizzard demon is engulfed in freezing vapours.
You hit the shadow imp.
The shadow imp is moderately wounded.
The hell hog is engulfed in freezing vapours.
Your soldier ant is engulfed in freezing vapours.
Your soldier ant stings the blizzard demon but does no damage.
The shadow imp misses you.
The hell hog is engulfed in freezing vapours.
You see here a ration.
f - 65 rations (gained 1)
The shadow imp hits you but does no damage.
As you read the scroll of fog, it crumbles to dust.
The scroll dissolves into smoke.
You block the shadow imp's attack.
The shadow imp shouts, "Get thee gone, thou pecksniffian miscreant bloater!"
Found a scroll of teleportation.
Quivering
V - 13 throwing nets for throwing.
A large abomination comes into view.
The hell hog breathes fire at you.
The fireball explodes!
The fireball engulfs you!!! The fire burns you terribly!
You die...

)###...###...###.##
...#...h°#.....#..!.
........hha.... .#..
...#... #2°.......#
.# #...## ○§§# ...#
.# ##h## #2§ .# .
##...###§§§..#
.#....(#5§§#.....
.......@§§§##.....
.#.....#...§§..#..
##...###...x..# .
##.# ##.###.. #..
...# #. #.. ...# ...
.?... §#. .#.


You could see a hell hog, an ancient zyme and a shadow imp.

Vanquished Creatures
  Mara (Spider:4)
  Asterion (Spider:4)
  A tentacled starspawn (Abyss:3)
  A kraken (Shoals:3)
  Kirke (D:14)
  9 emperor scorpions
  5 ghost moths
  A frost giant (IceCv)
  An entropy weaver (Spider:3)
  A stone giant (Orc:1)
  Azrael (D:14)
  The ghost of Ceyroiss the Quickloader, a journeyman HuWn of Dithmenos (Lair:4)
  A spark wasp (Spider:4)
  A minotaur (Gauntlet)
  2 merfolk javelineers
  2 merfolk impalers (Shoals:4)
  Josephine (D:14)
  Harold (Lair:1)
  6 hydras
  4 vault guards (D:13)
  The ghost of Hivemind the Spear-Bearer, a journeyman MfSk of Vehumet (Lair:2)
  2 merfolk avatars
  A satyr (Shoals:4)
  5 centaur warriors
  An alligator snapping turtle (Shoals:3)
  6 merfolk aquamancers
  5 two-headed ogres
  A dancing weapon (D:11)
  The ghost of PentaManta the Cleaver, a journeyman GrFi (D:11)
  5 orc high priests (Orc:2)
  A queen ant (Lair:2)
  7 death yaks
  A hell hog (Abyss:3)
  Nergalle (D:10)
  3 hell knights (Abyss:3)
  3 iron trolls (D:11)
  6 sea snakes
  3 unseen horrors
  2 deep trolls (D:11)
  A death drake (Gauntlet)
  A wizard (D:12)
  Pikel (D:7)
  A swamp dragon (Abyss:3)
  6 harpies
  17 orb spiders
  3 necromancers (Abyss:3)
  6 ugly things
  A wolf spider zombie (D:14)
  33 wolf spiders
  9 orc knights
  2 deep elf magi
  3 salamanders (Volcano)
  A fire giant zombie (Abyss:3)
  13 manticores
  8 cyclopes
  18 fauns
  4 moths of wrath
  5 merfolk sirens
  A worldbinder (Abyss:3)
  4 black mambas
  An ice statue (D:9)
  A molten gargoyle (Volcano)
  4 torpor snails
  7 water nymphs
  10 spiny frogs
  2 apocalypse crabs (Abyss:3)
  2 gargoyles
  Joseph (D:8)
  6 orange demons (D:15)
  2 komodo dragons
  6 rime drakes
  6 centaur skeletons
  2 ice devils (Lair:2)
  A yaktaur (D:13)
  11 demonic crawlers
  3 kobold demonologists (D:11)
  A freezing wraith (D:14)
  An ancient zyme (Abyss:3)
  4 tengu conjurers (D:13)
  2 queen bees
  10 trolls
  A meliai (Lair:2)
  2 red devils (D:15)
  40 jumping spiders
  The ghost of Brecoman the Chopper, an amateur DrSk of Nemelex Xobeh (D:5)
  18 polar bears
  3 wind drakes
  2 large abominations (Abyss:3)
  33 merfolk
  23 hornets
  9 slime creatures
  Grinder (D:3)
  A harpy skeleton (D:14)
  A dream sheep (shapeshifter) (D:15)
  12 blink frogs
  8 dream sheep
  13 hippogriffs
  8 snapping turtles
  36 tarantellas
  76 redbacks
  3 shadows
  16 water elementals
  77 yaks
  12 spriggans (Lair:6)
  2 fire elementals
  7 basilisks
  5 wraiths (D:14)
  2 humans (D:13)
  5 fire bats
  5 hungry ghosts
  A steam dragon (D:10)
  2 hogs (D:14)
  An acid dragon (D:11)
  9 wargs
  3 soldier ants
  6 hell hounds
  8 water moccasins
  12 porcupines
  35 orc warriors
  4 sky beasts
  A slave (D:6)
  A hornet zombie (D:14)
  5 ice beasts
  4 black bears
  5 eyes of draining
  2 necrophages (D:8)
  4 phantoms
  5 boggarts (Lair:6)
  40 wolves
  10 ogres
  16 centaurs
  11 crocodiles
  16 bullfrogs
  2 gnoll sergeants (D:10)
  8 big kobolds
  2 wyvern zombies
  A wyvern skeleton (D:13)
  44 scorpions
  38 killer bees
  22 wights
  7 electric eels
  A howler monkey (D:8)
  8 crimson imps
  3 bullfrog zombies
  6 centaur zombies
  3 bullfrog skeletons
  8 hounds
  4 jellies
  2 gnoll shamans
  A human zombie (Ossuary)
  28 orc priests
  19 orc wizards
  3 iguanas
  28 worker ants
  3 big kobold zombies (Ossuary)
  A hound zombie (D:7)
  5 hound skeletons
  4 mummies
  A worker ant zombie (D:11)
  A howler monkey skeleton (D:8)
  11 adders
  A scorpion zombie (Ossuary)
  16 gnolls
  4 shadow imps
  6 oozes
  2 adder zombies
  2 adder skeletons
  8 worms
  6 leopard geckos
  84 orcs
  5 ball pythons
  7 bats
  4 giant cockroaches
  2 gnoll zombies (Ossuary)
  7 goblins
  5 hobgoblins
  13 jackals
  8 quokkas
  3 frilled lizards
  A goblin zombie (Ossuary)
  A hobgoblin zombie (Ossuary)
  A jackal zombie (D:5)
  22 kobolds
  2 kobold zombies (Ossuary)
  2 orc zombies (Ossuary)
  A quokka skeleton (D:6)
  6 rats
  3 fungi
  13 plants
  2 tentacles (Shoals:3)
1442 creatures vanquished.

Vanquished Creatures (others)
  A two-headed ogre (Volcano)
  A hell hog (Abyss:3)
  A cyclops (Shoals:4)
  A polar bear (IceCv)
  A water elemental (Shoals:2)
  3 humans (D:14)
  6 yaks (IceCv)
  3 slaves (D:7)
  2 wolves (IceCv)
  A centaur (Volcano)
  2 scorpions (Ossuary)
  An orc wizard (D:7)
  A gnoll (D:7)
  5 orcs
  An orc zombie (Ossuary)
  2 demonic plants (Gauntlet)
  20 fungi
  103 plants
  2 starspawn tentacles (Abyss:3)
  3 tentacles (Shoals:3)
160 creatures vanquished.

Grand Total: 1602 creatures vanquished

Notes
Turn   | Place    | Note
-------+----------+-------------------------------------------
     0 | D:1      | Hanswurst the Gargoyle Gladiator began the quest for the
                  | Orb.
     0 | D:1      | Reached XP level 1. HP: 12/12 MP: 1/1
   299 | D:1      | Reached XP level 2. HP: 17/17 MP: 2/2
   922 | D:2      | Reached XP level 3. HP: 21/21 MP: 3/3
  1316 | D:2      | Reached skill level 1 in Armour
  1316 | D:2      | Reached XP level 4. HP: 17/27 MP: 4/4
  2498 | D:3      | Noticed Grinder
  2559 | D:2      | Reached XP level 5. HP: 26/32 MP: 5/5
  3238 | D:3      | Reached XP level 6. HP: 37/37 MP: 6/6
  3383 | D:3      | Paralysed by Grinder for 7 turns
  3416 | D:5      | Entered Level 5 of the Dungeon
  3443 | D:4      | Reached skill level 5 in Maces & Flails
  4611 | D:3      | Paralysed by Grinder for 6 turns
  4631 | D:3      | Paralysed by Grinder for 2 turns
  4642 | D:3      | Paralysed by Grinder for 5 turns
  4681 | D:3      | Paralysed by Grinder for 7 turns
  4693 | D:3      | Killed Grinder
  4693 | D:3      | Reached XP level 7. HP: 33/42 MP: 7/7
  5119 | D:4      | Reached skill level 1 in Stealth
  5742 | D:4      | Reached XP level 8. HP: 48/48 MP: 8/8
  5837 | D:4      | Found a burning altar of Makhleb.
  5837 | D:4      | Found a glowing golden altar of the Shining One.
  6155 | D:5      | Found a shimmering altar of Xom.
  6231 | D:5      | Found a shadowy altar of Dithmenos.
  6320 | D:5      | Found a transporter.
  6322 | D:5      | Found a transporter.
  6323 | D:5      | Noticed Brecoman's ghost (amateur DrSk)
  6325 | D:5      | Noticed a hornet
  6759 | D:6      | Reached skill level 5 in Fighting
  6797 | D:6      | Found a sand-covered staircase.
  6812 | Ossuary  | Entered an ossuary
  6960 | Ossuary  | Reached skill level 5 in Armour
  7183 | Ossuary  | Reached XP level 9. HP: 50/54 MP: 9/9
  7990 | D:7      | Noticed Pikel
  8685 | D:7      | Killed Pikel
  8694 | D:7      | Found an iron altar of Okawaru.
  8694 | D:7      | Found a bloodstained altar of Trog.
  8813 | D:7      | Found a staircase to the Ecumenical Temple.
  8835 | Temple   | Entered the Ecumenical Temple
  8988 | Temple   | Became a worshipper of the Wu Jian Council
  9190 | D:7      | Reached XP level 10. HP: 50/61 MP: 10/10
  9498 | D:8      | Noticed a two-headed ogre
  9558 | D:8      | Found a staircase to the Lair.
 10031 | D:8      | Reached * piety under Wu Jian
 10074 | D:8      | Reached skill level 10 in Maces & Flails
 10126 | D:8      | Noticed Joseph
 10258 | D:8      | You fall through a shaft for 2 floors!
 10258 | D:10     | Entered Level 10 of the Dungeon
 10598 | D:10     | Found a staircase to the Orcish Mines.
 10692 | D:10     | Reached ** piety under Wu Jian
 10840 | D:10     | Reached XP level 11. HP: 40/68 MP: 11/11
 11212 | D:10     | Reached skill level 5 in Throwing
 11527 | D:10     | Noticed Nergalle
 11589 | D:9      | Noticed a two-headed ogre
 11920 | D:8      | Killed Joseph
 11945 | D:8      | Killed a two-headed ogre
 12087 | D:8      | Found a glowing golden altar of the Shining One.
 12337 | D:9      | Reached *** piety under Wu Jian
 12570 | D:9      | Killed a two-headed ogre
 13230 | D:9      | Identified the Incunabulum of the Hunter
 13572 | D:10     | Found Izuinut's Food Shop.
 13622 | D:10     | Killed Nergalle
 13622 | D:10     | Reached skill level 10 in Armour
 13622 | D:10     | Reached XP level 12. HP: 68/76 MP: 12/12
 13751 | D:10     | Reached **** piety under Wu Jian
 14249 | Lair:1   | Entered Level 1 of the Lair of Beasts
 14274 | Lair:1   | Noticed Harold
 14498 | Lair:1   | Killed Harold
 14560 | Lair:1   | Found a dark tunnel.
 14588 | Volcano  | Entered a volcano
 14998 | Volcano  | Noticed a two-headed ogre
 15009 | Volcano  | Killed a two-headed ogre
 15907 | Lair:1   | Noticed a six-headed hydra
 15974 | D:8      | Reached skill level 10 in Fighting
 16116 | Lair:1   | Killed a six-headed hydra
 16775 | Lair:2   | Reached skill level 5 in Dodging
 16927 | Lair:2   | Got a serpentine wooden ring
 17169 | Lair:2   | Found a hole to the Spider Nest.
 17180 | Lair:2   | Reached ***** piety under Wu Jian
 17183 | Lair:2   | Noticed Hivemind's ghost (journeyman MfSk)
 17195 | Lair:2   | Noticed a queen ant
 17240 | Lair:2   | Noticed a seven-headed hydra
 17291 | Lair:2   | Found a frozen archway.
 17302 | IceCv    | Entered an ice cave
 17601 | IceCv    | Reached XP level 13. HP: 83/83 MP: 13/13
 18146 | IceCv    | Noticed a frost giant
 18379 | IceCv    | Identified the cursed ring "Asyxkoalaot" {rC- rN+++ MR-
                  | Dex-4 SInv} (You found it on level 2 of the Lair of Beasts)
 18802 | IceCv    | Killed a frost giant
 18916 | IceCv    | Identified Sif Muna's Guide on the Frostbite
 18990 | IceCv    | Got an ichor-stained quarterstaff
 18994 | IceCv    | Identified the +4 quarterstaff "Pihosyapam" {freeze, rN+
                  | Str+3} (You found it in an ice cave)
 19449 | Lair:2   | Found a transporter.
 19549 | Lair:2   | Found a transporter.
 19995 | Spider:1 | Entered Level 1 of the Spider Nest
 20752 | Spider:1 | Reached skill level 15 in Maces & Flails
 20981 | Spider:1 | Gained mutation: Your large and strong wings let you fly
                  | indefinitely. [Gargoyle growth]
 20981 | Spider:1 | Reached XP level 14. HP: 44/91 MP: 14/14
 22058 | D:9      | Identified the Grimoire of Venom
 22060 | D:9      | Identified Gulowor's Tome of the Rocks
 22307 | D:5      | Killed Brecoman's ghost
 22625 | Lair:3   | Found a gate leading to a gauntlet.
 22677 | Gauntlet | Entered a Gauntlet
 22677 | Gauntlet | Found a transporter.
 22677 | Gauntlet | Found a transporter.
 22696 | Gauntlet | Found a transporter.
 22699 | Gauntlet | Found a transporter.
 22740 | Gauntlet | Found a transporter.
 22753 | Gauntlet | Found a transporter.
 22768 | Gauntlet | Found a transporter.
 22782 | Gauntlet | Found a transporter.
 22793 | Gauntlet | Found a transporter.
 22799 | Gauntlet | Found a transporter.
 22820 | Gauntlet | Found a transporter.
 22868 | Gauntlet | Found a transporter.
 23103 | Gauntlet | Got a glittering pewter amulet
 23379 | Gauntlet | Identified the amulet "Viynu" {Harm *Drain rPois rF- MR+++
                  | Int+3} (You found it in a Gauntlet)
 23473 | Gauntlet | Identified the +7 great sword "Onga" {flame, rElec rC+
                  | Str+3 Dex+2 Stlth+}
 24313 | Lair:3   | Found a staircase to the Shoals.
 24891 | Lair:4   | Reached ****** piety under Wu Jian
 25189 | Lair:4   | Noticed Ceyroiss's ghost (journeyman HuWn)
 25216 | Lair:4   | Found a transporter.
 25289 | Lair:4   | Found a transporter.
 26174 | Lair:5   | Reached skill level 1 in Long Blades
 27244 | Lair:6   | Entered Level 6 of the Lair of Beasts
 27319 | Lair:6   | Reached XP level 15. HP: 88/99 MP: 15/15
 28240 | Lair:6   | Found a viscous altar of Jiyva.
 28241 | Lair:6   | Found a staircase to the Slime Pits.
 28863 | Orc:1    | Entered Level 1 of the Orcish Mines
 29237 | Orc:1    | Found Ekujukk's Antique Weapon Shoppe.
 29703 | Orc:2    | Entered Level 2 of the Orcish Mines
 29731 | Orc:2    | Found a staircase to the Elven Halls.
 29753 | Orc:2    | Found Urirecoy's Magic Scroll Emporium.
 29757 | Orc:2    | Bought a scroll of teleportation for 39 gold pieces
 29757 | Orc:2    | Bought a scroll of teleportation for 39 gold pieces
 30697 | Orc:2    | Reached skill level 1 in Shields
 30814 | Orc:2    | Found Woehiag's Jewellery Boutique.
 31585 | Orc:2    | Found Feuzu's Gadget Shop.
 31585 | Orc:2    | Found Nyicwar's Magic Scroll Shop.
 31586 | Orc:2    | Found Vuown's Assorted Antiques.
 31586 | Orc:2    | Found Qugy's Gadget Boutique.
 31746 | Orc:2    | Bought a scroll of identify for 66 gold pieces
 31749 | Orc:2    | Bought a scroll of identify for 28 gold pieces
 31749 | Orc:2    | Bought a scroll of fog for 28 gold pieces
 31976 | Orc:2    | Bought 3 scrolls of noise for 39 gold pieces
 32325 | Orc:2    | Reached skill level 5 in Stealth
 32325 | Orc:2    | Reached skill level 1 in Evocations
 32325 | Orc:2    | Reached XP level 16. HP: 107/107 MP: 15/17
 32338 | Orc:2    | Bought a scroll of identify for 26 gold pieces
 32338 | Orc:2    | Bought a scroll of identify for 26 gold pieces
 32346 | Orc:2    | Bought a scroll of identify for 26 gold pieces
 32353 | Orc:2    | Bought a scroll of identify for 26 gold pieces
 32353 | Orc:2    | Bought a scroll of identify for 26 gold pieces
 32356 | Orc:2    | Identified a scroll of acquirement
 32361 | Orc:2    | Bought a scroll of enchant armour for 97 gold pieces
 32430 | Orc:2    | Bought a scroll of enchant weapon for 97 gold pieces
 32555 | Orc:2    | Bought a potion of heal wounds for 165 gold pieces
 32715 | Orc:1    | Bought a jewelled whip for 195 gold pieces
 32953 | D:8      | Identified the +7 whip "Coziffel" {protect, Int+3 Dex+7}
                  | (You bought it in a shop on level 1 of the Orcish Mines)
 33044 | D:8      | Got a jewelled plate armour
 33055 | D:8      | Identified the +7 plate armour of Baugocig {Regen+ Str+4}
                  | (You acquired it on level 8 of the Dungeon)
 33474 | D:11     | Identified the +8 falchion of the Shark {pain, +Fly rC+ MR-
                  | Dex+2}
 33733 | D:11     | Reached skill level 15 in Fighting
 33881 | D:11     | Reached XP level 17. HP: 97/113 MP: 18/18
 33942 | D:11     | Found a runed translucent door.
 33942 | D:11     | Found a shimmering altar of Xom.
 33942 | D:11     | Noticed PentaManta's ghost (journeyman GrFi)
 36464 | D:13     | Found a gate to the Vaults.
 36783 | Lair:2   | Killed Hivemind's ghost
 37001 | Lair:4   | Killed Ceyroiss's ghost
 37281 | D:11     | Killed PentaManta's ghost
 37488 | Spider:1 | Reached skill level 15 in Armour
 38096 | Spider:2 | Identified the Volume of Necromancy and Weightlessness
 38211 | Spider:2 | Reached skill level 5 in Shields
 38727 | Spider:2 | Reached XP level 18. HP: 111/122 MP: 19/19
 39159 | Spider:3 | Noticed Bai Suzhen
 39732 | Spider:4 | Entered Level 4 of the Spider Nest
 39984 | Spider:4 | Noticed Asterion
 40000 | Spider:4 | Killed Asterion
 40347 | Spider:4 | Noticed Mara
 40391 | Spider:4 | Killed Mara
 41266 | Spider:4 | Got a gossamer rune of Zot
 41934 | D:14     | Noticed Kirke
 41951 | D:14     | Killed Kirke
 42163 | D:14     | Noticed Josephine
 42195 | D:14     | Killed Josephine
 42321 | D:14     | Reached XP level 19. HP: 129/129 MP: 20/20
 42369 | D:14     | Noticed Azrael
 42518 | D:14     | Killed Azrael
 43097 | D:15     | Entered Level 15 of the Dungeon
 43141 | D:15     | Found a shadowy altar of Dithmenos.
 43994 | D:15     | Found a staircase to the Depths.
 44686 | Shoals:1 | Entered Level 1 of the Shoals
 44950 | Shoals:1 | You fall through a shaft!
 45922 | Shoals:2 | Found Hazeaher's Jewellery Shop.
 47019 | Shoals:3 | Found Gufeush's Jewellery Shoppe.
 47462 | Shoals:3 | Found a runed translucent gate.
 47462 | Shoals:3 | Found a runed translucent gate.
 47462 | Shoals:3 | Found a runed translucent gate.
 47483 | Shoals:3 | Noticed u8823's ghost (journeyman DDBe)
 47700 | Shoals:4 | Entered Level 4 of the Shoals
 48368 | Shoals:4 | Got a slimy buckler
 48393 | Shoals:4 | Identified the +3 buckler of the Sun {rN+ Int+2} (You found
                  | it on level 4 of the Shoals)
 48590 | Shoals:4 | Reached XP level 20. HP: 137/137 MP: 21/21
 48772 | Shoals:4 | Cast into level 3 of the Abyss (merfolk javelineer)
 48838 | Abyss:3  | Reached skill level 10 in Shields
 48936 | Abyss:3  | Killed from afar by a hell hog

Skill      XL: |  1  2  3  4  5  6  7  8  9 10 11 12 13 14 15 16 17 18 19 20 |
---------------+-------------------------------------------------------------+-----
Throwing       | 2 3 4 5 6 |  6.6
Armour         | 1 2 3 5 6 8 10 11 12 13 14 15 16 | 16.7
Maces & Flails | 4 5 6 7 9 10 12 13 15 16 17 18 19 | 19.9
Fighting       | 3 5 6 7 9 10 11 13 14 15 16 17 18 19 | 19.0
Dodging        | 3 4 5 6 |  6.5
Stealth        | 1 2 3 4 5 6 |  6.2
Long Blades    | 1 |  1.5
Shields        | 2 5 7 9 10 | 10.1
Evocations     | 1 2 |  2.0
Axes           | |  0.7
Unarmed Combat | |  0.3

Action                   |  1- 3 |  4- 6 |  7- 9 | 10-12 | 13-15 | 16-18 | 19-21 || total
-------------------------+-------+-------+-------+-------+-------+-------+-------++-------
Melee: Whip              |    89 |   339 |   785 |    10 |       |       |       ||  1223
       Flail             |     1 |       |       |   267 |    71 |       |       ||   339
       Unarmed           |       |    13 |       |       |       |       |       ||    13
       Morningstar       |       |       |       |   721 |  1416 |  1218 |   848 ||  4203
       Great mace        |       |       |       |    39 |       |       |       ||    39
       Battleaxe         |       |       |       |    10 |       |       |       ||    10
       Great sword       |       |       |       |       |     3 |       |       ||     3
Throw: Tomahawk          |       |    10 |    37 |    54 |       |       |       ||   101
       Javelin           |       |     9 |       |    17 |    10 |    12 |     7 ||    55
       Throwing net      |       |       |       |     4 |     1 |     1 |       ||     6
Invok: Lunge             |       |       |     2 |    51 |   107 |   101 |    86 ||   347
       Whirlwind         |       |       |       |   276 |   419 |   297 |   147 ||  1139
 Abil: Wall Jump         |       |       |       |    10 |    11 |     7 |     4 ||    32
       Evoke Flight      |       |       |       |     1 |       |       |       ||     1
       Fly               |       |       |       |       |     1 |     3 |     1 ||     5
       Stop Flying       |       |       |       |       |     1 |     3 |     1 ||     5
Evoke: Wand              |       |       |       |     7 |     2 |     1 |     6 ||    16
       Sack of spiders   |       |       |       |       |       |       |     1 ||     1
  Use: Scroll            |       |     4 |     1 |    12 |    18 |    12 |     5 ||    52
       Potion            |       |       |       |       |     6 |     1 |     6 ||    13
 Stab: Held in net/web   |       |       |       |     7 |     1 |     3 |       ||    11
       Paralysed         |       |       |       |     4 |       |       |       ||     4
       Distracted        |       |       |       |       |     1 |     1 |       ||     2
       Confused          |       |       |       |       |       |     3 |       ||     3
  Eat: Chunk             |     1 |    10 |    21 |    29 |    41 |    31 |    21 ||   154
       Ration            |       |       |     1 |     2 |     2 |     1 |       ||     6
Armor: Plate armour      |    36 |       |       |       |       |   691 |   469 ||  1196
       Chain mail        |    31 |   210 |   328 |   661 |   452 |       |       ||  1682
       Skin              |       |     7 |       |       |       |       |       ||     7
       Gold dragon scale |       |       |       |       |   409 |       |       ||   409
Dodge: Dodged            |    26 |   215 |   299 |   682 |   611 |   513 |   334 ||  2680
Block: Buckler           |       |       |       |       |    26 |   264 |   232 ||   522
